 Dungeon Crawl Stone Soup version 0.28.0-47-ge53b351184 (webtiles) character file.

Game seed: 18028706528952806962

235 GigaChad the Slasher (level 5, -9/44 HPs)
             Began as a Palentonga Fighter on Apr 27, 2022.
             Was a Believer of Nemelex Xobeh.
             Killed by nerve-wracking pain
             ... invoked by Grinder
              (12 damage)
             ... on level 3 of the Dungeon.
             The game lasted 00:08:14 (2460 turns).

GigaChad the Slasher (Palentonga Fighter)           Turns: 2460, Time: 00:08:15

Health: -9/44      AC:  6    Str: 19    XL:     5   Next: 76%
Magic:  5/5        EV:  7    Int:  8    God:    Nemelex Xobeh [**....]
Gold:   123        SH:  4    Dex: 12    Spells: 4/4 levels left

rFire   . . .      SeeInvis +   a - +0 long sword
rCold   . . .      Faith    .   c - +0 buckler
rNeg    . . .      Spirit   .   b - +0 scale mail
rPois   .          Reflect  .   (no helmet)
rElec   .          Harm     .   (no cloak)
rCorr   .          Rampage  .   (no gloves)
Will    .....                   (no barding)
Stlth   ..........              (no amulet)
HPRegen 0.14/turn               (no ring)
MPRegen 0.09/turn               (no ring)

@: no status effects
A: large, rugged brown scales 3, see invisible, deformed body, roll 1, armoured
tail
a: Rolling Charge, Renounce Religion, Draw Escape, Draw Destruction, Draw
Summoning


You were on level 3 of the Dungeon.
You worshipped Nemelex Xobeh.
Nemelex Xobeh was pleased with you.
You visited 1 branch of the dungeon, and saw 3 of its levels.

You collected 123 gold pieces.

Inventory:

Hand Weapons
 a - a +0 long sword (weapon)
Armour
 b - a +0 scale mail (worn)
 c - a +0 buckler (worn)
Jewellery
 j - a ring of protection from fire
Scrolls
 f - 2 scrolls of teleportation {unknown}
 g - 2 scrolls of identify {unknown}
 l - a scroll of vulnerability {unknown}
 m - a scroll of enchant weapon {unknown}
Potions
 d - a potion of might
 e - a potion of berserk rage {unknown}
 h - 2 potions of haste {unknown}
 i - a potion of degeneration {unknown}
 k - a potion of lignification {unknown}
 n - a potion of heal wounds {unknown}


   Skills:
 + Level 3.8 Fighting
 + Level 4.5 Long Blades
 + Level 3.1 Armour
 + Level 0.3 Dodging
 + Level 2.9 Shields


You had 4 spell levels left.
You didn't know any spells.
Your spell library contained the following spells:

 Spells                   Type           Power      Damage    Failure   Level
 Summon Small Mammal      Summ           0%         N/A       85%         1
 Blink                    Tloc           0%         N/A       94%         2
 Call Canine Familiar     Summ           0%         N/A       99%         3
 Lesser Beckoning         Tloc           0%         N/A       99%         3
 Summon Guardian Golem    Hex/Summ       0%         N/A       99%         3
 Manifold Assault         Tloc           0%         N/A       100%        5


Dungeon Overview and Level Annotations

Branches:
Dungeon (3/15)

Altars:
Nemelex Xobeh

Shops:
D:1 *

Annotations:
D:3 Grinder


Innate Abilities, Weirdness & Mutations

You are completely covered in rugged brown scales. (AC +3, +7% HP)
You have supernaturally acute eyesight. (SInv)
Armour fits poorly on your strangely shaped body.
You can roll at nearby foes to attack.
You have a long armoured tail.


Message History

Natasha shimmers violently.
You can move again.
There are monsters nearby!
Grinder says, "Don't move a muscle."
You hit Natasha. You tail-slap Natasha.
Natasha is moderately wounded.
Natasha stares at you and mumbles some strange words.
You resist with some effort.
You barely miss Natasha.
Natasha is moderately wounded.
Natasha claws you but does no damage.
Natasha mumbles some strange words.
Natasha shimmers violently.
Natasha claws you.
* * * LOW HITPOINT WARNING * * *
You slash Natasha!
You kill Natasha!
Natasha growls in agony!
The iron imp disappears in a puff of smoke!
Grinder says, "You look like you could use a good racking."
You slash the hobgoblin!
You kill the hobgoblin!
You hit the goblin.
You kill the goblin!
You slash the rat!
You kill the rat!
You slash Grinder!
Grinder is moderately wounded.
Grinder gestures at you. Pain shoots through your body!
* * * LOW HITPOINT WARNING * * *
You barely miss Grinder.
Grinder is moderately wounded.
Grinder barely misses you.
You closely miss Grinder.
Your tail-slap misses Grinder.
Grinder is moderately wounded.
Grinder gestures at you. Pain shoots through your body!
You die...
Your body disappears without a glow.

#.# . #.. #5#.# #
##.. #.#.# #. #..#
#...# ..
#.##..####.### ..
## ........#...##
#..
../.#.#.##......##
##...
#.....##.......#
#....
#@5...(....###....
###..........#....
###......#......
#.......)......
#.......#.#....
#>........#...(
#.......###....
...#...### ##...
.######## ##..


You could see Grinder.

Vanquished Creatures
  A black bear (D:3)
  A bullfrog skeleton (D:3)
  Natasha (D:3)
  2 adders
  A worm (D:3)
  2 dart slugs (D:2)
  2 orcs
  6 endoplasms
  A giant cockroach (D:2)
  14 goblins
  5 hobgoblins
  2 jackals (D:1)
  3 kobolds
  6 quokkas
  4 ball pythons
  4 bats
  9 rats
64 creatures vanquished.

Notes
Turn   | Place    | Note
-------+----------+-------------------------------------------
     0 | D:1      | GigaChad the Palentonga Fighter began the quest for the
                  | Orb.
     0 | D:1      | Reached XP level 1. HP: 19/19 MP: 1/1
     3 | D:1      | Noticed an electric eel
     9 | D:1      | Noticed an electric eel
   155 | D:1      | Found Duredda's Assorted Antiques.
   168 | D:1      | Reached XP level 2. HP: 20/25 MP: 2/2
   225 | D:1      | Found a faded altar of an unknown god.
   242 | D:1      | Prayed at the altar of an unknown god.
   242 | D:1      | Became a worshipper of Nemelex Xobeh the Trickster
   242 | D:1      | Reached * piety under Nemelex Xobeh
  1355 | D:2      | Reached XP level 3. HP: 31/31 MP: 3/3
  1416 | D:2      | Received a gift from Nemelex Xobeh
  1855 | D:2      | Reached ** piety under Nemelex Xobeh
  1960 | D:3      | Reached skill level 3 in Long Blades
  1960 | D:3      | Reached XP level 4. HP: 35/38 MP: 4/4
  2138 | D:3      | Noticed a black bear
  2145 | D:3      | Killed a black bear
  2146 | D:3      | Reached XP level 5. HP: 40/44 MP: 5/5
  2422 | D:3      | Noticed Grinder
  2428 | D:3      | Noticed Natasha
  2434 | D:3      | Reached skill level 4 in Long Blades
  2442 | D:3      | Paralysed by Grinder for 3 turns
  2448 | D:3      | Paralysed by Grinder for 2 turns
  2454 | D:3      | Killed Natasha
  2458 | D:3      | HP: 2/44 [Grinder/nerve-wracking pain (1)]
  2460 | D:3      | Killed from afar by Grinder

Illustrated notes

Levels and vault maps discovered:
D:1:      arrival_aquarium_b, layout_loops_ring,
          dreamdust_ecumenical_altar_statues, serial_shops, shop,
          minmay_misc_feat_cross, minivault_4, minmay_quantized
D:2:      layout_basic, hangedman_decor_lopped, hex_tiny
D:3:      layout_rooms, grunt_decor_junction, feat_on_display, uniq_grinder,
          uniq_natasha

Skill      XL: |  1  2  3  4  5 |
---------------+----------------+-----
Long Blades    | 3 4 |  4.5
Armour         | 3 |  3.1
Fighting       | |  3.8
Dodging        | |  0.3
Shields        | |  2.9

Action                   |  1- 3 |  4- 6 || total
-------------------------+-------+-------++-------
Melee: Long sword        |   101 |    54 ||   155
       Tailslap          |    14 |     8 ||    22
Armor: Scale mail        |    67 |    32 ||    99
Dodge: Dodged            |    40 |    24 ||    64
Block: Buckler           |    25 |    11 ||    36
